 Dungeon Sprint DCSS version 0.16-a0-3049-g2a447e9 (webtiles) character file.

480 BluebellGnoll the Gouger (level 6, -6/25 HPs)
             Began as a Felid Transmuter on Dec 9, 2014.
             Was an Elder of Makhleb.
             Mangled by a troll (11 damage)
             ... in the Dungeon (Sprint V: "Ziggurat Sprint").
             The game lasted 00:07:55 (400 turns).

BluebellGnoll the Gouger (Felid Transmuter)          Turns: 400, Time: 00:07:56

Health: -6/25      AC:  2    Str:  6    XL:     6   Next: 86%
Magic:  1/23       EV: 21    Int: 22    God:    Makhleb [****..]
Gold:   0          SH:  0    Dex: 20    Spells: 5 memorised, 5 levels left
                                        Lives:  0   Deaths: 1

rFire  . . .     SeeInvis +       - Unarmed
rCold  . . .     Clarity  .     (armour unavailable)
rNeg   + . .     SustAb   .     (shield unavailable)
rPois  .         Gourm    .     (helmet unavailable)
rElec  .         Spirit   .     (cloak unavailable)
rCorr  .         Warding  .     (gloves unavailable)
rMut   .         NoTele   +     (boots unavailable)
MR     ++...                    (no amulet)
Stlth  ++........               q - +6 ring of intelligence
                                y - ring of Devotion {Wiz rN+ MR++ Dex+3 Slay+4}

@: studying Fighting, invisible, quick, very resistant to hostile enchantments,
unstealthy
A: paw claws, no armour, no weapons or thrown items, fangs 3, see invisible,
carnivore 3, speed 1, shaggy fur 2, slow metabolism 1
a: Minor Destruction, Lesser Servant of Makhleb, Major Destruction, Renounce
Religion


You were in the Dungeon.
You worshipped Makhleb.
Makhleb was greatly pleased with you.
You were not hungry.

You visited 1 branch

Inventory:

Missiles
 b - 12 arrows
Jewellery
 q - a +6 ring of intelligence (right paw)
 r - a +6 ring of strength
 s - a +6 ring of strength
 y - the ring of Devotion (left paw) {Wiz rN+ MR++ Dex+3 Slay+4}
   (You found it in the Dungeon)

   [ring of wizardry]

   It improves your spell success rate.
   It affects your dexterity (+3).
   It affects your accuracy and damage with ranged weapons and melee attacks
   (+4).
   It protects you from negative energy.
   It affects your resistance to hostile enchantments.
Magical devices
 c - a wand of disintegration (7)
 k - a wand of fire (4)
 l - a wand of cold (4)
 m - a wand of draining (4)
Scrolls
 j - 3 scrolls of blinking
 n - 4 scrolls of amnesia
 o - 3 scrolls of recharging
 p - 7 scrolls of fog
 t - a scroll of holy word
 u - 5 scrolls of identify
 v - 5 scrolls of remove curse
 w - 2 scrolls of fear
Potions
 e - 10 potions of curing
 f - 9 potions of heal wounds
 g - 6 potions of haste
 h - 7 potions of magic
 i - 2 potions of berserk rage
 x - 2 potions of brilliance
 z - a potion of invisibility
 A - 2 potions of restore abilities
 B - 4 potions of resistance
 D - 5 potions of agility
 E - 5 potions of might
Books
 H - a manual of Fighting
Miscellaneous
 G - a plain deck of changes {drawn: 1}
Comestibles
 a - 5 meat rations
 F - a chunk of flesh


   Skills:
 - Level 1.0 Fighting
 - Level 4.8 Dodging
 - Level 11.3 Unarmed Combat
 - Level 8.1 Spellcasting
 - Level 6.5 Transmutations


You had 5 spell levels left.
You knew the following spells:

 Your Spells              Type           Power        Failure   Level  Hunger
a - Beastly Appendage     Trmt           #####.       1%          1    None
b - Spider Form           Trmt/Pois      ###.......   3%          3    None
c - Blade Hands           Trmt           #####.....   6%          5    #####..
d - Ice Form              Ice/Trmt       ###.....     9%          4    ###....
e - Mephitic Cloud        Conj/Pois/Air  #.......     9%          3    None


Dungeon Overview and Level Annotations

Branches:
Dungeon (1/1)

Altars:
Ashenzari
Cheibriados
Dithmenos
Elyvilon
Fedhas
Gozag
Kikubaaqudgha
Makhleb
Nemelex Xobeh
Okawaru
Qazlal
Ru
Sif Muna
Trog
Vehumet
Xom
Yredelemnul
Zin
The Shining One
Beogh
Jiyva
Lugonu


Innate Abilities, Weirdness & Mutations

You cannot wear armour.
You are incapable of wielding weapons or throwing items.
Your paws have sharp claws.
You have razor-sharp teeth.
You have supernaturally acute eyesight.
You are carnivorous and can eat meat at any time.
You cover ground quickly.
You are covered in thick fur (AC +2).
You have a slow metabolism.


Message History

Evoke which item? (* to show all) (? for menu, Esc to quit)
You draw a card...
It is Placid Magic.
You feel magic draining away.
Your magical effects are unravelling.
The ogre hits you with a giant club!!
Ouch! That really hurt!
* * * LOW HITPOINT WARNING * * *
Read which item? (? for menu, Esc to quit)
Your blink will be uncontrolled - continue anyway?
As you read the scroll of blinking, it crumbles to dust.
A powerful magic interferes with your control of the blink.
You blink.
Your front paws revert to their normal proportions.
The cyclops completely misses you.
Drink which item? (? for menu, Esc to quit)
You fade into invisibility!
The cyclops throws a large rock.
The large rock hits the two-headed ogre!
The troll closely misses you. The troll completely misses you.
The troll claws you!
You die...

▓.8©8.▓.8©8†▓.8©8.▓
▓.).|.▓.))=.▓.....▓
▓..)..▓.....▓.....▓
▓.....▓.....▓.....▓
▓.....▓.....▓...†.▓
▓.....▓.....▓.....▓
▓.....▓.....▓▓▓▓▓▓▓
▓▓▓▓▓▓▓▓▓▓▓▓▓▓▓▓▓▓▓
▓..8©8...▓@O8©8...▓
▓..::....▓OT=)|...▓
▓...::...▓..:.)...▓
▓........▓...C....▓
▓........▓O.......▓
▓........▓.▓....▓.▓
▓.....†..▓........▓
▓▓▓▓▓▓▓▓▓▓▓▓▓▓▓▓▓▓▓


You could see a cyclops, a troll, a two-headed ogre and 2 ogres.

Vanquished Creatures
  2 water moccasins (D)
  A phantom (D)
  4 scorpions (D)
  An adder (D)
  2 giant mites (D)
  An adder zombie (D)
  An adder skeleton (D)
  A ball python (D)
13 creatures vanquished.

Notes
Turn   | Place    | Note
--------------------------------------------------------------
     0 | D        | BluebellGnoll, the Felid Transmuter, began the quest for the Orb.
     0 | D        | Reached XP level 1. HP: 9/9 MP: 4/4
     0 | D        | Found a viscous altar of Jiyva.
     0 | D        | Found a corrupted altar of Lugonu.
     0 | D        | Found a white marble altar of Elyvilon.
     2 | D        | Found a sparkling altar of Nemelex Xobeh.
     2 | D        | Found a burning altar of Makhleb.
     2 | D        | Found a deep blue altar of Sif Muna.
     3 | D        | Found a bloodstained altar of Trog.
     6 | D        | Found an iron altar of Okawaru.
    14 | D        | Found a radiant altar of Vehumet.
    15 | D        | Found a basalt altar of Yredelemnul.
    28 | D        | Became a worshipper of Makhleb the Destroyer
    30 | D        | Found a shimmering altar of Xom.
    31 | D        | Reached skill level 8 in Unarmed Combat
    31 | D        | Reached XP level 2. HP: 12/12 MP: 5/5
    35 | D        | Entered arena 1.
    35 | D        | Noticed a scorpion
    39 | D        | Killed a scorpion
    39 | D        | Reached XP level 3. HP: 15/15 MP: 4/8
    40 | D        | Acquired Makhleb's first power
    44 | D        | Got the ring of Devotion {Wiz rN+ MR++ Dex+3 Slay+4}
    51 | D        | Learned a level 3 spell: Spider Form
    66 | D        | Entered arena 2.
    66 | D        | Noticed a phantom
    85 | D        | Reached XP level 4. HP: 6/19 MP: 8/10
    90 | D        | Slain by a phantom
    91 | D        | Reached XP level 3. HP: 0/15 MP: 7/8
    93 | D        | Killed a phantom
    93 | D        | Acquired Makhleb's second power
    93 | D        | Reached skill level 10 in Unarmed Combat
    93 | D        | Reached XP level 4. HP: 19/19 MP: 10/10
   178 | D        | Entered arena 3.
   178 | D        | Noticed a water moccasin
   178 | D        | Noticed a water moccasin
   182 | D        | Killed a water moccasin
   182 | D        | Reached skill level 5 in Spellcasting
   182 | D        | Reached XP level 5. HP: 22/22 MP: 10/18
   184 | D        | Killed a water moccasin
   184 | D        | Acquired Makhleb's third power
   184 | D        | Gained mutation: You are covered in thick fur (AC +2). [growing up]
   184 | D        | Reached XP level 6. HP: 25/25 MP: 10/23
   200 | D        | Learned a level 5 spell: Blade Hands
   205 | D        | Learned a level 4 spell: Ice Form
   354 | D        | Entered arena 4.
   354 | D        | Noticed a scorpion
   354 | D        | Noticed a scorpion
   354 | D        | Noticed a scorpion
   358 | D        | Killed a scorpion
   361 | D        | Killed a scorpion
   361 | D        | Reached skill level 11 in Unarmed Combat
   363 | D        | Killed a scorpion
   363 | D        | Acquired Makhleb's fourth power
   374 | D        | Identified the Reference Book on Flying Contamination (You found it in the Dungeon)
   378 | D        | Learned a level 3 spell: Mephitic Cloud
   379 | D        | Identified Cigotuvi's Volume of Darkness (You found it in the Dungeon)
   384 | D        | Identified Cigotuvi's Volume of Darkness (You found it in the Dungeon)
   385 | D        | Identified the Reference Book on Flying Contamination (You found it in the Dungeon)
   388 | D        | Identified the Reference Book on Flying Contamination (You found it in the Dungeon)
   389 | D        | Identified Cigotuvi's Volume of Darkness (You found it in the Dungeon)
   391 | D        | Entered arena 5.
   391 | D        | Noticed a troll
   391 | D        | Noticed a two-headed ogre
   391 | D        | Noticed a cyclops
   391 | D        | Noticed an ogre
   391 | D        | Noticed an ogre
   400 | D        | Mangled by a troll

Action                   |  1- 3 |  4- 6 || total
-------------------------+-------+-------++-------
Melee: Unarmed           |    14 |    14 ||    28
 Cast: Beastly Appendage |     2 |     1 ||     3
       Spider Form       |     1 |       ||     1
       Blade Hands       |       |     2 ||     2
Evoke: Wand              |       |     3 ||     3
       Deck              |       |     1 ||     1
  Use: Potion            |     3 |     1 ||     4
       Scroll            |       |     1 ||     1
